Map: Heavy Artillery LE

Players

Pound

  • Race: Terran Terran
  • Spawn Location: 7:00

Nospheratu

  • Race: Protoss Protoss
  • Spawn Location: 7:00

Alebay - Winner!

  • Race: Protoss Protoss
  • Spawn Location: 3:00

MattBarry - Winner!

  • Race: Zerg Zerg
  • League: Gold
  • Spawn Location: 1:00

VOD

Have the link to the VOD?

Description

Time

  • Played on: Jan. 23, 2023, 11:46 p.m.
  • Length: 7:53
Show
View Real Time Build Order
Export as new Build Order

Pound Terran 

Build Orders:  

Get SALT Encoding   

  12  0:00  SCV  
  13  0:14  Supply Depot  
  13  0:51  Command Center  
  13  1:05  Barracks  
  13  1:07  SCV  
  14  1:26  Barracks  
  14  1:27  SCV  
  15  1:39  SCV  
  16  1:42  Refinery  
  16  1:51  SCV  
  16  1:52  Marine  
  18  1:59  Refinery  
  18  2:05  SCV  
  19  2:10  SCV  
  19  2:13  Marine  
  21  2:16  Marine  
  21  2:22  SCV  
  23  2:24  SCV  
  24  2:34  SCV  
  25  2:39  Factory  
  25  2:47  Barracks Reactor  
  25  2:52  Orbital Command  
  25  2:55  SCV  
  26  3:01  Refinery  
  26  3:07  SCV  
  26  3:08  Marine  
  28  3:22  SCV  
  28  3:25  Marine  
  28  3:27  Factory Tech Lab  
  30  3:34  SCV  
  30  3:36  SCV  
  32  3:46  SCV  
  32  3:48  SCV  
  34  3:56  Starport  
  34  3:58  SCV  
  34  4:00  SCV  
  36  4:11  SCV  
  36  4:12  SCV  
  38  4:26  Starport  
  38  4:32  Supply Depot  
  38  4:33  Supply Depot  
  38  4:38  Starport Tech Lab  
  38  4:48  Fusion Core  
  38  4:53  SCV  
  38  4:58  Marine  
  40  5:03  Starport Tech Lab  
  40  5:05  SCV  
  41  5:10  Barracks  
  41  5:14  SCV  
  42  5:18  SCV  
  43  5:22  Supply Depot  
  43  5:23  Engineering Bay  
  43  5:30  SCV  
  43  5:32  SCV  
  45  5:37  Battlecruiser  
  45  5:42  SCV  
  52  5:43  Battlecruiser  
  58  5:54  SCV  
  59  5:57  Refinery  
  59  6:03  Supply Depot  
  59  6:04  Barracks Tech Lab  
  59  6:06  SCV, Siege Tank  
  63  6:15  Missile Turret  
  64  6:26  Supply Depot  
  64  6:28  Orbital Command  
  63  6:42  Battlecruiser  
  69  6:47  Banshee  
Show
View Real Time Build Order
Export as new Build Order

Nospheratu Protoss 

Build Orders:  

Get SALT Encoding   

  12  0:02  Probe  
  13  0:14  Probe  
  14  0:27  Probe  
  15  0:28  Pylon  
  15  0:46  Probe (Chrono Boost)  
  16  0:54  Assimilator  
  17  0:57  Probe (Chrono Boost)  
  17  1:06  Pylon  
  17  1:14  Probe  
  18  1:27  Gateway  
  18  1:28  Gateway  
  18  1:30  Gateway  
  18  1:32  Gateway  
  18  1:37  Probe (Chrono Boost)  
  20  1:48  Probe (Chrono Boost)  
  20  2:15  Zealot  
  22  2:16  Zealot  
  22  2:18  Zealot  
  22  2:20  Zealot  
  28  2:28  Pylon  
  28  2:38  Assimilator  
  28  2:45  Zealot  
  28  2:46  Zealot  
  28  2:47  Zealot  
  28  2:49  Zealot  
  36  2:59  Pylon  
  36  3:05  Forge  
  36  3:14  Cybernetics Core  
  34  3:46  Zealot x3  
  34  3:47  Zealot  
  40  4:13  Stalker x3  
  40  4:34  Stalker  
  38  4:43  Stalker x2  
  40  5:00  Zealot  
  40  5:04  Zealot  
  42  5:13  Zealot x2  
  32  5:43  Zealot x4  
  36  5:51  Probe  
Show
View Real Time Build Order
Export as new Build Order

Alebay Protoss - Winner!

Build Orders: 1 Gate Expand 

Get SALT Encoding   

  12  0:00  Probe  
  13  0:12  Probe  
  14  0:23  Pylon  
  14  0:24  Probe  
  15  0:41  Probe  
  16  0:43  Gateway  
  16  0:51  Assimilator  
  16  0:53  Probe  
  17  1:05  Probe  
  18  1:17  Probe  
  19  1:29  Probe  
  19  1:31  Nexus  
  20  1:37  Cybernetics Core  
  20  1:41  Probe  
  21  1:47  Assimilator  
  21  1:53  Probe  
  22  1:55  Pylon  
  22  2:06  Probe  
  23  2:08  Warp Gate (Chrono Boost)  
  23  2:16  Adept  
  25  2:28  Probe  
  26  2:30  Robotics Facility  
  26  2:31  Shield Battery  
  26  2:40  Probe  
  26  2:43  Probe  
  28  2:48  Stalker  
  30  2:54  Probe  
  30  2:56  Probe  
  32  3:05  Gateway  
  32  3:06  Probe  
  32  3:08  Probe  
  34  3:13  Twilight Council  
  34  3:18  Probe  
  35  3:21  Probe  
  36  3:30  Probe  
  36  3:33  Probe  
  38  3:46  Stalker  
  36  4:04  Stalker  
  36  4:19  Stalker  
  38  4:25  Probe  
  38  4:26  Probe  
  38  4:33  Stalker  
  40  4:41  Probe x2  
  40  5:07  Zealot x2  
  41  5:17  Probe x2  
  41  5:24  Gateway  
  41  5:33  Zealot x2  
  43  5:40  Cybernetics Core  
  39  5:54  Zealot x2  
  41  6:01  Probe x2  
  43  6:11  Assimilator  
  43  6:12  Charge (Chrono Boost)  
  43  6:13  Assimilator  
  43  6:18  Zealot  
  45  6:24  Pylon  
  45  6:26  Pylon  
  45  6:28  Pylon  
  44  6:42  Zealot  
  44  6:43  Zealot  
  48  6:48  Gateway  
  48  6:49  Gateway  
  48  6:51  Gateway  
  48  7:04  Stalker x2  
  52  7:28  Stalker x2  
  54  7:51  Zealot x2  
Show
View Real Time Build Order
Export as new Build Order

MattBarry Zerg - Winner!

Build Orders: Pool First 

Get SALT Encoding   

  12  0:00  Drone  
  13  0:07  Drone  
  14  0:30  Overlord  
  14  0:34  Extractor  
  13  0:36  Drone  
  13  0:41  Spawning Pool  
  13  0:44  Drone  
  14  0:50  Drone  
  15  0:58  Drone  
  16  1:19  Hatchery  
  16  1:21  Drone  
  16  1:30  Drone  
  16  1:32  Drone  
  18  1:40  Queen  
  20  1:47  Zergling x2  
  20  1:52  Zergling x2  
  22  2:00  Metabolic Boost  
  22  2:03  Overlord  
  23  2:22  Drone  
  23  2:23  Drone  
  24  2:34  Drone x2  
  24  2:35  Queen  
  28  2:55  Extractor  
  27  2:59  Drone x3  
  30  3:06  Zergling x4  
  30  3:07  Drone, Overlord  
  32  3:23  Lair  
  32  3:25  Drone x5  
  37  3:34  Zergling x4, Roach Warren  
  38  3:49  Zergling x8  
  42  3:57  Zergling x6  
  40  4:05  Zergling x2  
  40  4:06  Zergling x2  
  40  4:37  Spire  
  37  4:49  Zergling x4  
  37  4:50  Roach x2  
  37  4:51  Roach  
  41  4:53  Overlord x2  
  40  5:03  Roach  
  40  5:04  Roach  
  40  5:06  Overlord  
  41  5:29  Roach x3  
  44  5:35  Zergling x2  
  44  5:36  Zergling x2  
  44  5:39  Extractor  
  44  5:40  Extractor  
  42  5:45  Roach  
  42  5:46  Roach x6  
  54  5:58  Roach  
  54  5:59  Roach  
  56  6:11  Mutalisk  
  58  6:34  Mutalisk  
  60  6:43  Mutalisk  
  60  6:44  Mutalisk x3  
  68  7:00  Corruptor  
  68  7:01  Corruptor  
  65  7:07  Corruptor  
  65  7:08  Corruptor x2  
  67  7:19  Drone  
  67  7:20  Drone x2, Overlord x2  
Tags
 
Add a new tag
Caveats
  • Supply blocks, unpowered buildings, or Contaminate may cause inaccurate times.
  • Supply counts are checked every 10 seconds.